 Seeded DCSS version 0.30.1 (webtiles) character file.

Game seed: 7229806256980976716 (custom seed)

2 McKennaii the Conjurer (level 1, 14/14 HPs)
             Began as a Demigod Conjurer on July 12, 2023.
             Quit the game on level 1 of the Dungeon.
             The game lasted 00:00:47 (168 turns).

McKennaii the Conjurer (Demigod Conjurer)            Turns: 168, Time: 00:00:48

Health: 14/14      AC:  2    Str: 11    XL:     1   Next: 26%
Magic:  5/5        EV: 12    Int: 23    God:
Gold:   17         SH:  0    Dex: 11    Spells: 2/3 levels left

rFire   + + +        f - staff of conjuration
rCold   + + .        (no shield)
rNeg    . . .        a - +0 robe
rPois   .            (no helmet)
rElec   .            e - scarf of the Ego {rC+ rF+, Str+3 Dex+3}
rCorr   .            (no gloves)
SInv    .            (no boots)
Will    .....        (no amulet)
Stlth   ++           g - ring "Awy Isog" {rF++ rC+ Int+3 Dex-4}
HPRegen 0.22/turn    (no ring)
MPRegen 0.09/turn

%: no passive effects
@: no status effects
A: high MP 1, forlorn, divine attributes
a: no special abilities


You were on level 1 of the Dungeon.
You visited 1 branch of the dungeon, and saw 1 of its levels.

You collected 17 gold pieces.

Inventory:

Missiles
 c - a throwing net
Armour
 a - a +0 robe (worn)
 e - the scarf of the Ego (worn) {rC+ rF+, Str+3 Dex+3}
   (You acquired it on level 1 of the Dungeon)

   Str:       It affects your strength (+3).
   Dex:       It affects your dexterity (+3).
Magical Staves
 f - a staff of conjuration (weapon)
Jewellery
 g - the ring "Awy Isog" (left hand) {rF++ rC+ Int+3 Dex-4}
   (You acquired it on level 1 of the Dungeon)

   [ring of protection from cold]

   Int:       It affects your intelligence (+3).
   Dex:       It affects your dexterity (-4).
   rF:        It greatly protects you from fire.
   rC:        It protects you from cold.
Scrolls
 d - 2 scrolls of amnesia {unknown}
Potions
 b - a potion of magic


   Skills:
 - Level 1.7 Dodging
 - Level 1.7 Stealth
 + Level 1.9 Spellcasting
 + Level 3.6 Conjurations


You had 2 spell levels left.
You knew the following spells:

 Your Spells              Type           Power      Damage    Failure   Level
a - Magic Dart            Conj           100%       1d8       3%          1

Your spell library contained the following spells:

 Spells                   Type           Power      Damage    Failure   Level
 Searing Ray              Conj           56%        2d6       4%          2
 Dazzling Flash           Conj/Hex       32%        N/A       19%         3
 Fulminant Prism          Conj/Hex       8%         3d7       52%         4
 Iskenderun's Mystic Bla  Conj/Tloc      16%        2d5       52%         4


Dungeon Overview and Level Annotations

Branches:
Dungeon (1/15)


Innate Abilities, Weirdness & Mutations

You have an increased reservoir of magic. (+10% MP)
You shall have no god before yourself.
Your divine heritage dramatically boosts your attributes as you level up.


Message History

Key pressed, stopping explore.
You can't see any susceptible monsters within range! (Use Z to cast anyway.)
You now have 17 gold pieces.
Key pressed, stopping explore.
You can't see any susceptible monsters within range! (Use Z to cast anyway.) Key pressed, stopping explore.
You can't see any susceptible monsters within range! (Use Z to cast anyway.)
d - 2 scrolls labelled FUSKUR VIKLOEP You can't see any susceptible monsters within range! (Use Z to cast anyway.)
A quokka comes into view.
The magic dart hits the quokka.
You kill the quokka!
Key pressed, stopping explore.
You can't see any susceptible monsters within range! (Use Z to cast anyway.) Key pressed, stopping explore.
You can't see any susceptible monsters within range! (Use Z to cast anyway.)
Found 3 stones.
You can't see any susceptible monsters within range! (Use Z to cast anyway.) Key pressed, stopping explore.
You can't see any susceptible monsters within range! (Use Z to cast anyway.)
e - 3 scrolls labelled RAGIOR NADERHA You can't see any susceptible monsters within range! (Use Z to cast anyway.)
Found a scroll labelled WUBBUN RUOS.
This is a scroll of acquirement!
Something appears at your feet! Something appears at your feet!
Something appears at your feet!
e - the scarf of the Ego {rC+ rF+, Str+3 Dex+3}
f - a staff of conjuration
g - the ring "Awy Isog" {rF++ rC+ Int+3 Dex-4} You start putting on your armour.
You continue putting on the scarf of the Ego {rC+ rF+, Str+3 Dex+3}. x4
You finish putting on the scarf of the Ego {rC+ rF+, Str+3 Dex+3}.
You feel resistant to extremes of temperature.
You feel stronger.
You feel agile.
You feel clever.
You feel clumsy.
g - the ring "Awy Isog" (left hand) {rF++ rC+ Int+3 Dex-4}
f - a staff of conjuration (weapon)
Are you sure you want to abandon this character and quit the game? (Confirm with "yes".)

############.#######
#.# ### #.# ..# #.#
#?# ##########.# #.#
#..........# #.#
#.##########
#(#######.#
#........@#
###########


There were no monsters in sight!

Vanquished Creatures
  A hobgoblin (D:1)
  A quokka (D:1)
2 creatures vanquished.

Notes
Turn   | Place    | Note
-------+----------+-------------------------------------------
     0 | D:1      | McKennaii the Demigod Conjurer began the quest for the Orb.
     0 | D:1      | Reached XP level 1. HP: 14/14 MP: 5/5
   157 | D:1      | Identified 3 scrolls of acquirement
   157 | D:1      | Acquired the ring "Awy Isog" {rF++ rC+ Int+3 Dex-4}
   158 | D:1      | Acquired the scarf of the Ego {rC+ rF+, Str+3 Dex+3}
   159 | D:1      | Acquired a staff of conjuration
   168 | D:1      | Quit the game

Illustrated notes

Levels and vault maps discovered:
D:1:      spicycebolla_arrival_ecumenical, layout_loops_ring

Action                     || total
---------------------------++-------
   Cast: Magic Dart        ||     4
    Use: Scroll            ||     3
